 Dungeon Crawl Stone Soup version 0.18-a0-30-g52c0daa (webtiles) character file.

538374 Geeful the Sensei (level 25, -5/193 HPs)
             Began as a Demonspawn Wanderer on Oct 31, 2015.
             Slain by a salamander stormcaller
             ... wielding a +0 spear
              (6 damage)
             ... on level 5 of the Vaults on Nov 4, 2015.
             The game lasted 05:57:23 (75615 turns).

Geeful the Sensei (Demonspawn Wanderer)            Turns: 75615, Time: 05:57:23

Health: -5/193     AC: 37    Str: 28    XL:     25   Next: 18%
Magic:  32/32      EV: 17    Int: 14    God:
Gold:   8083       SH:  0    Dex: 18    Spells: 7 memorised, 30 levels left

rFire  + + .     SeeInvis +       - Unarmed
rCold  + + .     Clarity  +     w - +6 chain mail of the Eight of Swords {rElec rC+}
rNeg   + + .     SustAt   .     (no shield)
rPois  +         Gourm    +     (helmet unavailable)
rElec  +         Spirit   .     F - +0 cloak {rPois}
rCorr  .         Warding  .     M - +2 pair of gloves {Str+3}
rMut   .         Stasis   .     S - +3 pair of boots of the Solstice {SInv}
MR     +....                    T - amulet "Veesk" {Gourm rN+ Int-3 Slay+5}
Stlth  ..........               J - ring "Quodut" {rF+ Str+7}
                                q - ring "Vyankacu" {rN+ AC+2 Int+2 Slay+2}

@: contaminated, glowing, somewhat resistant to hostile enchantments, extremely
unstealthy
A: horns 3, molten scales 3, clarity, cold resistance 1, frail 1, foul stench 2,
low mp 1, screaming 1, spiny 3, rot immunity, freezing cloud immunity
a: no special abilities
}: 2/15 runes: serpentine, barnacled


You were on level 5 of the Vaults.
You were very full.

You visited 9 branches of the dungeon, and saw 49 of its levels.
You visited the Abyss 2 times.
You also visited: Labyrinth, Trove, Ossuary and Ice Cave.

You collected 9793 gold pieces.
You spent 1710 gold pieces at shops.

Inventory:

Hand Weapons
 b - the +6 blowgun of Oenomania {evade, rPois Int+3 Dex+2}
   (You bought it in a shop on level 14 of the Dungeon)

   It affects your evasion (+5 to EV).
   It affects your intelligence (+3).
   It affects your dexterity (+2).
   It protects you from poison.
Missiles
 o - 15 throwing nets (quivered)
 K - 23 curare-tipped needles
Armour
 w - the +6 chain mail of the Eight of Swords (worn) {rElec rC+}
   (You bought it in a shop on level 4 of the Orcish Mines)

   It protects you from cold.
   It insulates you from electricity.
 y - the +0 shield of the Barracuda {+Inv rF+++ Int+4 Dex-3}
   (You acquired it on level 3 of the Depths)

   It affects your intelligence (+4).
   It affects your dexterity (-3).
   It renders you almost immune to fire.
   It lets you turn invisible.
 F - a +0 cloak of poison resistance (worn)
 M - a +2 pair of gloves of strength (worn)
 S - the +3 pair of boots of the Solstice (worn) {SInv}
   (You found it on level 1 of the Elven Halls)

   It lets you see invisible.
Rods
 p - a +2 rod of inaccuracy (12/12)
   (You took it off a minotaur in a labyrinth)
Jewellery
 e - an uncursed amulet of regeneration
 f - an uncursed amulet of resist corrosion
 m - an uncursed ring of protection from magic
 q - the ring "Vyankacu" (left hand) {rN+ AC+2 Int+2 Slay+2}
   (You found it in a treasure trove)

   [ring of protection]

   It affects your AC (+2).
   It affects your intelligence (+2).
   It affects your accuracy and damage with ranged weapons and melee attacks
   (+2).
   It protects you from negative energy.
 s - the amulet of Laemacec {Spirit rElec rF+}
   (You found it in a treasure trove)

   [amulet of guardian spirit]

   It causes incoming damage to be split between your health and magic.
   It protects you from fire.
   It insulates you from electricity.
 H - a +4 ring of protection
 J - the ring "Quodut" (right hand) {rF+ Str+7}
   (You took it off a deep elf demonologist on level 3 of the Elven Halls)

   [ring of protection from fire]

   It affects your strength (+7).
   It protects you from fire.
 Q - an uncursed ring of protection from fire
 T - the amulet "Veesk" (around neck) {Gourm rN+ Int-3 Slay+5}
   (You found it on level 1 of the Depths)

   [amulet of the gourmand]

   It allows you to eat raw meat even when not hungry.
   It affects your intelligence (-3).
   It affects your accuracy and damage with ranged weapons and melee attacks
   (+5).
   It protects you from negative energy.
 U - a +4 ring of evasion
 V - an uncursed amulet of resist mutation
 X - an uncursed ring of ice
 Y - the ring of Xom's Pride {+Blink +Fly rC+}
   (You found it on level 3 of the Depths)

   [ring of flight]

   It protects you from cold.
   It lets you fly.
   It lets you blink.
Wands
 j - a wand of digging (9)
 n - a wand of teleportation (3)
 I - a wand of hasting (1)
 Z - a wand of invisibility (4)
Scrolls
 a - 17 scrolls of remove curse
 c - 10 scrolls of teleportation
 g - 8 scrolls of identify
 h - 3 scrolls of magic mapping
 i - 5 scrolls of fear
 l - 2 scrolls of summoning
 B - 3 scrolls of recharging
 P - a scroll of blinking
Potions
 t - 3 potions of curing
 x - a potion of magic
 z - 2 potions of cancellation
 A - 3 potions of resistance
 C - 3 potions of might
 O - a potion of berserk rage
Miscellaneous
 k - a phantom mirror
 E - a fan of gales
 G - a stone of tremors (inert)
Comestibles
 r - 19 beef jerkies
 u - 3 fruits
 L - 18 bread rations
 N - 3 royal jellies
 R - 21 meat rations


   Skills:
 + Level 21.5 Fighting
   Level 3.6 Short Blades
 + Level 20.0 Armour
 - Level 12.3 Dodging
 - Level 1.0 Stealth
 * Level 11.7 Shields
 + Level 22.4 Unarmed Combat
 - Level 8.8 Spellcasting
 - Level 7.7 Charms


You had 30 spell levels left.
You knew the following spells:

 Your Spells              Type           Power        Failure   Level  Hunger
a - Repel Missiles        Chrm/Air       ###...       12%         2    None
b - Animate Skeleton      Necr           N/A          34%         1    None
c - Summon Butterflies    Summ           #.......     34%         1    None
d - Blink                 Tloc           N/A          56%         2    None
e - Swiftness             Chrm/Air       ###.....     12%         2    None
f - Apportation           Tloc           #.........   34%         1    None
g - Shroud of Golubria    Chrm/Tloc      ###.......   12%         2    None


Dungeon Overview and Level Annotations

Branches:
Dungeon (15/15)            Temple (1/1) D:7            Lair (8/8) D:9
 Shoals (4/4) Lair:4        Snake (4/4) Lair:4        Slime (0/6) Lair:6
    Orc (4/4) D:12            Elf (3/3) Orc:3        Vaults (5/5) D:14
  Crypt (0/3) Vaults:2     Depths (5/5) D:15            Zot (0/5) Depths:5

Altars:
Ashenzari
Cheibriados
Dithmenos
Elyvilon
Fedhas
Gozag
Kikubaaqudgha
Makhleb
Nemelex Xobeh
Okawaru
Qazlal
Ru
Sif Muna
Trog
Vehumet
Xom
Yredelemnul
Zin
The Shining One
Beogh

Shops:
D:6 :   D:9 }   D:14 :((   Orc:2 [   Orc:4 ?:[:   Elf:3 [   Shoals:4 ?!
Vaults:2 :   Vaults:4 *((*

Portals:
Hell: Depths:1 Depths:2 Depths:3 Depths:4 Depths:5
Abyss: Depths:2 Depths:4
Pandemonium: Depths:1 Depths:3
Ziggurat: Depths:4


Innate Abilities, Weirdness & Mutations

You have a pair of large horns on your head.
You are completely covered in molten scales (AC +4, EV -1, rF+).
Your flesh is cold resistant.
You frequently emit foul miasma when damaged in melee.
You are completely covered in sharp spines.
You are immune to rotting.
You are immune to freezing clouds.
You possess an exceptional clarity of mind.
You are frail (-10% HP).
Your magical capacity is low (-10% MP).
You occasionally shout uncontrollably at your foes.


Message History

The fire giant hits you with a great sword of flaming.
* * * LOW HITPOINT WARNING * * *
The fire giant burns you.
* * * LOW HITPOINT WARNING * * *
You emit a cloud of foul miasma!
You see here a bolt.
The shadow dragon roars!
The boulder beetle smashes into the fire giant!
The boulder beetle stops rolling.
The fire giant is engulfed in dark miasma.
The fire giant is poisoned.
The ettin shouts in stereo!
The frost giant gestures at you while chanting.
The bolt of cold hits you! You resist.
* * * LOW HITPOINT WARNING * * *
The boulder beetle curls into a ball and starts rolling!
The salamander stormcaller hits you from afar with a spear.
* * * LOW HITPOINT WARNING * * *
You are engulfed in flames.
You resist.
You die...

.##....#C....##............
#c#....#C$... #############
###D#....#p.... .........
+............. ...p...uD
#######.C)...c.##################
........p.(...DC.......e.........
........p.<<)...N................
........C<.)<..C....B§§§.........
........p)<<.?..@.CD.T...........
#####.(........##################
#.#.........C.. #.#.#......#.T...
#.#.#.#.....#....u.
#p#.#p#.#....#......
.#.#.#.##....#...... #p# ....#


You could see a shadow dragon, a storm dragon, 2 frost giants, 2 fire giants, a
boulder beetle, a salamander stormcaller, a deep troll, a vault sentinel
(wandering), a deep elf high priest and a yaktaur.

Vanquished Creatures
  Mennas (Vaults:3)
  3 juggernauts
  Saint Roka (Depths:2)
  3 caustic shrikes (Depths:3)
  A golden dragon (Depths:1)
  Nikola (Snake:3)
  A profane servitor (Abyss:1)
  Jorgrun (Vaults:3)
  A tentacled monstrosity (Depths:3)
  9 liches
  3 deep elf blademasters
  The ghost of edsrzf the Grappler, an adept TrBe of Trog (Shoals:3)
  A quicksilver dragon (Depths:1)
  2 deep elf master archers (Elf:3)
  An octopode crusher (Depths:5)
  A kraken (Shoals:3)
  Polyphemus (Shoals:4)
  3 tentacled starspawn (Abyss:1)
  Agnes (Elf:1)
  4 tengu reavers
  3 sphinxes
  Kirke (D:11)
  A daeva (Depths:4)
  6 storm dragons
  A draconian monk (Depths:5)
  4 fire giants
  6 greater nagas
  Ilsuiw (Shoals:4)
  2 iron dragons
  Donald (Snake:2)
  6 deep elf sorcerers
  16 vault wardens
  5 frost giants
  Louise (Shoals:1)
  Aizul (Snake:2)
  13 ironheart preservers
  A reaper (Depths:5)
  A draconian annihilator (Depths:5)
  A spriggan defender (Depths:2)
  22 stone giants
  25 very ugly things
  15 deep elf annihilators
  2 green draconians (Depths:5)
  4 vampire knights
  A lorocyproca (Depths:1)
  8 deep elf demonologists
  2 salamander stormcallers
  2 mottled draconians
  Azrael (D:12)
  A red draconian (Depths:5)
  A purple draconian (Depths:5)
  A minotaur (Lab)
  4 deep elf death magi
  7 ettins
  6 merfolk javelineers
  2 blizzard demons (Abyss:1)
  38 vault guards
  12 merfolk impalers
  4 deep elf high priests
  13 great orbs of eyes
  12 yaktaur captains
  10 fire dragons
  11 hydras
  6 rakshasas
  Erolcha (D:8)
  14 naga warriors
  10 ice dragons
  4 merfolk aquamancers
  4 merfolk avatars
  2 catoblepae
  2 alligator snapping turtles
  6 entropy weavers
  4 spriggan air magi
  2 satyrs
  12 ogre magi
  16 dancing weapons
  8 centaur warriors
  9 anacondas
  3 vampire magi
  7 death yaks
  3 orc high priests
  3 sun demons (Abyss:1)
  5 tengu warriors
  10 deep troll shamans
  11 shock serpents
  Urug (D:13)
  11 spriggan berserkers
  25 deep elf knights
  12 deep troll earth magi
  9 naga sharpshooters
  18 starcursed masses (Abyss:1)
  Sonja (Orc:4)
  A soul eater (Depths:1)
  Nergalle (Lair:2)
  A sea snake (shapeshifter) (Depths:1)
  A wretched star (Abyss:1)
  6 thrashing horrors (Abyss:1)
  6 hell knights
  A salamander mystic (Snake:2)
  2 skeletal warriors
  2 flayed ghosts
  12 giant orange brains
  A shadow wraith (Vaults:1)
  29 deep trolls
  A death drake (shapeshifter) (Depths:5)
  8 sea snakes
  3 hell hogs (Abyss:1)
  2 iron trolls
  A spatial maelstrom (Abyss:1)
  6 unseen horrors
  3 spriggan druids (Depths:2)
  An ice devil (Depths:1)
  A necromancer (Vaults:2)
  2 shadow demons (Depths:1)
  2 unseen horrors (shapeshifter)
  12 naga ritualists
  13 deep elf summoners
  13 ironbrand convokers
  21 harpies
  Pikel (D:8)
  A swamp dragon (shapeshifter) (Elf:2)
  7 orc knights
  15 mana vipers
  2 wolf spiders
  19 deep elf conjurers
  7 manticores
  A wolf spider zombie (D:14)
  An orb spider (shapeshifter) (Vaults:2)
  A mana viper (shapeshifter) (Vaults:4)
  A phantasmal warrior (Vaults:2)
  9 oklob plants
  16 fauns
  A salamander (shapeshifter) (Depths:1)
  16 griffons
  5 hill giants
  5 cyclopes
  3 water nymphs
  A wizard (Depths:3)
  57 ugly things
  2 worldbinders (Abyss:1)
  4 hornets
  16 orc sorcerers
  A moth of wrath (shapeshifter) (Depths:1)
  8 vault sentinels
  4 sixfirhies
  2 frost giant skeletons
  4 smoke demons
  5 salamanders
  22 naga magi
  A centaur zombie (D:11)
  5 elephants (Lair:6)
  Joseph (D:8)
  9 sirens
  An ice statue (D:11)
  45 black mambas
  A gargoyle (D:14)
  A rust devil (Abyss:1)
  5 orange demons (Abyss:1)
  Psyche (D:12)
  A torpor snail (shapeshifter) (Vaults:1)
  A guardian serpent (shapeshifter) (Depths:3)
  4 guardian serpents
  3 apocalypse crabs (Abyss:1)
  2 torpor snails
  5 kobold demonologists
  A dire elephant skeleton (Abyss:1)
  A komodo dragon (shapeshifter) (Depths:2)
  38 yaktaurs
  19 spiny frogs
  5 spectral swamp worms (Depths:2)
  A hellwing (Depths:1)
  7 komodo dragons
  3 fire drakes
  6 trolls
  An efreet (Abyss:1)
  A tormentor (Depths:3)
  6 ancient zymes (Abyss:1)
  5 tengu conjurers
  40 merfolk
  4 freezing wraiths
  A red devil (Depths:1)
  4 giant leeches (Lair:8)
  21 polar bears
  3 wind drakes
  14 deep elf priests
  A jumping spider (shapeshifter) (Depths:3)
  A harpy skeleton (D:12)
  2 boulder beetles
  18 two-headed ogres
  A harpy zombie (Abyss:1)
  11 raiju (Abyss:1)
  A human simulacrum (Vaults:2)
  23 slime creatures
  2 shadows
  8 snapping turtles
  A fire dragon zombie (Abyss:1)
  A trapdoor spider (D:15)
  12 redbacks
  16 small abominations (Abyss:1)
  A stone giant simulacrum (Vaults:2)
  22 blink frogs
  A spriggan (shapeshifter) (Vaults:3)
  A flying skull (Abyss:1)
  2 tarantellas (Depths:4)
  A centaur simulacrum (D:14)
  16 water elementals
  2 air elementals (Depths:4)
  A vampire (Vaults:2)
  A redback (shapeshifter) (Abyss:1)
  5 wraiths
  12 ynoxinuls
  27 deep elf magi
  A hill giant zombie (D:12)
  2 basilisks
  A hippogriff (shapeshifter) (Vaults:2)
  71 yaks
  6 chaos spawn (Abyss:1)
  4 wyverns
  20 spriggans
  3 fire elementals
  20 hippogriffs
  Grum (D:9)
  2 neqoxecs (Abyss:1)
  10 wargs
  5 hungry ghosts
  A human (shapeshifter) (Vaults:3)
  36 deep elf fighters
  3 hogs (D:12)
  A steam dragon (D:13)
  A soldier ant (D:15)
  Edmund (D:5)
  23 vampire mosquitoes
  A spatial vortex (Abyss:1)
  57 nagas
  41 wolves
  16 large abominations (Abyss:1)
  A hell hound (D:11)
  A water moccasin (shapeshifter) (Vaults:2)
  2 mottled dragons (Vaults:1)
  13 porcupines
  15 water moccasins
  2 slaves (D:8)
  7 ice beasts
  A spider (shapeshifter) (Vaults:1)
  4 phantoms
  8 sky beasts
  9 wasps
  An eye of draining (Abyss:1)
  39 ogres
  2 black bears
  11 boggarts
  6 centaurs
  36 orc warriors
  An ice beast (shapeshifter) (Vaults:1)
  An elf zombie (D:7)
  An ogre (shapeshifter) (Depths:3)
  18 crocodiles
  A centaur (shapeshifter) (Vaults:3)
  7 big kobolds
  Blork the orc (D:5)
  4 elf skeletons (D:7)
  24 giant frogs
  5 brain worms
  A water moccasin zombie (D:6)
  5 scorpions
  6 electric eels
  13 killer bees
  8 quasits
  5 wights
  8 crimson imps
  A giant frog zombie (D:9)
  30 orc priests
  A wasp zombie (D:7)
  6 centaur skeletons
  11 hounds
  A human zombie (D:7)
  3 jellies
  58 orc wizards
  10 iguanas
  3 giant frog skeletons
  6 iron imps
  20 worker ants
  3 human skeletons (D:7)
  20 sheep
  A big kobold zombie (Ossuary)
  5 ogre zombies (D:12)
  A hound zombie (D:8)
  A hound skeleton (D:11)
  An elf simulacrum (Vaults:1)
  4 mummies (Ossuary)
  A worker ant zombie (D:10)
  65 river rats
  7 adders
  9 gnolls
  5 shadow imps
  17 white imps
  9 ufetubi
  An ooze (D:3)
  3 adder skeletons
  5 worms
  196 orcs
  5 giant cockroaches
  2 gnoll zombies (Ossuary)
  6 goblins
  5 hobgoblins
  13 jackals
  7 quokkas
  2 ball pythons
  7 bats
  4 giant geckos
  2 giant gecko skeletons
  A giant gecko zombie (D:7)
  3 giant newts
  4 goblin zombies (Ossuary)
  A hobgoblin skeleton (D:12)
  2 hobgoblin zombies (D:12)
  52 kobolds
  4 orc skeletons
  15 orc zombies
  A quokka skeleton (D:6)
  10 rats
  4 fire vortices
  A fungus (Lair:8)
  A lurking horror (Abyss:1)
  4 plants (Lair:2)
  A starspawn tentacle (Abyss:1)
  4 tentacles (Shoals:3)
2639 creatures vanquished.

Vanquished Creatures (collateral kills)
  Norris (Snake:2)
  Rupert (Lair:6)
  Frances (D:12)
  A yak (D:10)
4 creatures vanquished.

Vanquished Creatures (others)
  A golden dragon zombie (Abyss:1)
  An orc knight (Vaults:2)
  A deep elf conjurer (Elf:1)
  A black mamba (Snake:3)
  A vault sentinel (Vaults:2)
  6 golden eyes (Abyss:1)
  A warg (Vaults:2)
  3 wolves (IceCv)
  2 slaves (D:8)
  An orc warrior (Vaults:2)
  15 fungi
  A lurking horror (Abyss:1)
  29 plants
  8 starspawn tentacles (Abyss:1)
  123 starspawn tentacle segments (Abyss:1)
  4 tentacles (Shoals:3)
  134 tentacle segments (Shoals:3)
332 creatures vanquished.

Grand Total: 2975 creatures vanquished

Notes
Turn   | Place    | Note
--------------------------------------------------------------
     0 | D:1      | Geeful the Demonspawn Wanderer began the quest for the Orb.
     0 | D:1      | Geeful set off with: a +2 short sword, a potion of curing, a potion of lignification, a +0 robe, a bread ration
     0 | D:1      | Reached XP level 1. HP: 18/18 MP: 1/1
    38 | D:1      | Found a glowing golden altar of the Shining One.
    64 | D:1      | Reached skill level 1 in Unarmed Combat
   101 | D:1      | Gained mutation: You have a pair of small horns on your head. [demonic ancestry]
   101 | D:1      | Reached XP level 2. HP: 10/24 MP: 2/2
   989 | D:1      | Gained mutation: Your spells are a little harder to cast, but a little more powerful. [potion of beneficial mutation]
  1146 | D:2      | Reached skill level 1 in Dodging
  1160 | D:2      | Found a radiant altar of Vehumet.
  1160 | D:2      | Found a sparkling altar of Nemelex Xobeh.
  1161 | D:2      | Found a stormy altar of Qazlal.
  1161 | D:2      | Found a shattered altar of Ashenzari.
  1161 | D:2      | Found a blossoming altar of Fedhas.
  1215 | D:2      | Found an opulent altar of Gozag.
  1216 | D:2      | Found a basalt altar of Yredelemnul.
  1399 | D:2      | Reached XP level 3. HP: 29/29 MP: 3/3
  1891 | D:3      | Gained mutation: You are immune to rotting. [demonic ancestry]
  1891 | D:3      | Reached XP level 4. HP: 21/35 MP: 4/4
  2579 | D:3      | Gained mutation: You are resistant to hostile enchantments. [potion of mutation]
  2579 | D:3      | Gained mutation: You have an increased reservoir of magic (+10% MP). [potion of mutation]
  2579 | D:3      | Gained mutation: Scrolls take you a little longer to read. [potion of mutation]
  2741 | D:3      | Noticed a big kobold
  2772 | D:3      | Killed a big kobold
  2772 | D:3      | Reached XP level 5. HP: 22/41 MP: 5/5
  3242 | D:3      | Noticed a big kobold
  3255 | D:3      | Noticed a big kobold
  3258 | D:3      | Noticed a big kobold
  3263 | D:3      | Noticed a big kobold
  3272 | D:3      | Killed a big kobold
  3317 | D:3      | Killed a big kobold
  3317 | D:3      | Gained mutation: You may emit foul miasma when damaged in melee. [demonic ancestry]
  3317 | D:3      | Reached XP level 6. HP: 32/48 MP: 6/6
  3347 | D:3      | Killed a big kobold
  3356 | D:3      | Killed a big kobold
  3356 | D:3      | Reached skill level 4 in Fighting
  4095 | D:4      | Gained mutation: You are partially covered in sharp spines. [demonic ancestry]
  4095 | D:4      | Reached XP level 7. HP: 23/54 MP: 7/7
  4805 | D:4      | Upgraded the game from 0.18-a0-5-gf1fb587 to 0.18-a0-9-gd4dcb6f
  5570 | D:4      | Reached skill level 5 in Unarmed Combat
  5747 | D:5      | Entered Level 5 of the Dungeon
  5765 | D:5      | Reached XP level 8. HP: 31/61 MP: 8/8
  5980 | D:5      | Noticed Blork the orc
  5990 | D:5      | Killed Blork the orc
  5990 | D:5      | Reached skill level 5 in Fighting
  6282 | D:5      | Noticed Edmund
  6301 | D:5      | Killed Edmund
  6393 | D:5      | Reached skill level 6 in Unarmed Combat
  6807 | D:6      | Found Jileraq's Book Shop.
  7349 | D:7      | Reached skill level 5 in Armour
  7349 | D:7      | Gained mutation: You are mostly covered in sharp spines. [demonic ancestry]
  7349 | D:7      | Reached XP level 9. HP: 57/69 MP: 9/9
  7358 | D:7      | Found a sand-covered staircase.
  7363 | Ossuary  | Entered an ossuary
  7729 | Ossuary  | Gained mutation: Your body sometimes deteriorates upon taking damage. [potion of mutation]
  7729 | Ossuary  | Lost mutation: Scrolls take you a little longer to read. [potion of mutation]
  7729 | Ossuary  | Gained mutation: You are dopey. (Int -2) [potion of mutation]
  7730 | Ossuary  | Lost mutation: Your body sometimes deteriorates upon taking damage. [potion of mutation]
  7730 | Ossuary  | Gained mutation: You are occasionally teleported to nearby monsters. [potion of mutation]
  7731 | Ossuary  | Gained mutation: Your body sometimes deteriorates upon taking damage. [potion of mutation]
  7731 | Ossuary  | Gained mutation: You are partially covered in molten scales (AC +1). [potion of mutation]
  7788 | D:7      | Reached skill level 7 in Unarmed Combat
  7965 | D:7      | Found a deep blue altar of Sif Muna.
  8010 | D:7      | Found a staircase to the Ecumenical Temple.
  8019 | Temple   | Entered the Ecumenical Temple
  8253 | D:7      | Reached skill level 5 in Dodging
  8775 | D:8      | Noticed Joseph
  8812 | D:8      | Killed Joseph
  8812 | D:8      | Reached skill level 8 in Unarmed Combat
  8891 | D:8      | Noticed Erolcha
  8891 | D:8      | Noticed Pikel
  9156 | D:8      | Killed Pikel
  9156 | D:8      | Reached XP level 10. HP: 29/79 MP: 11/11
  9374 | D:8      | Lost mutation: You are dopey. (Int -2) [potion of cure mutation]
  9374 | D:8      | Lost mutation: You are occasionally teleported to nearby monsters. [potion of cure mutation]
  9374 | D:8      | Lost mutation: You are resistant to hostile enchantments. [potion of cure mutation]
  9374 | D:8      | Lost mutation: Your body sometimes deteriorates upon taking damage. [potion of cure mutation]
  9655 | D:8      | Cast into the Abyss (Erolcha)
  9737 | D:8      | Escaped the Abyss
  9743 | D:8      | Killed Erolcha
  9743 | D:8      | Reached skill level 9 in Unarmed Combat
 10496 | D:8      | Gained mutation: You are mostly covered in molten scales (AC +3, EV -1). [demonic ancestry]
 10496 | D:8      | Reached XP level 11. HP: 70/86 MP: 12/12
 10682 | D:9      | Reached skill level 10 in Unarmed Combat
 10864 | D:9      | Found Paqunuackifa's Gadget Shoppe.
 10993 | D:9      | Identified a scroll of acquirement
 11031 | D:9      | Found a staircase to the Lair.
 11233 | D:9      | Found an ancient bone altar of Kikubaaqudgha.
 11898 | D:9      | Found a sacrificial altar of Ru.
 11899 | D:9      | Found a glowing golden altar of the Shining One.
 11996 | D:10     | Entered Level 10 of the Dungeon
 11996 | D:10     | Noticed Grum
 12001 | D:9      | Killed Grum
 12451 | D:10     | Noticed a hill giant
 12461 | D:10     | Killed a hill giant
 12873 | D:10     | Reached skill level 11 in Unarmed Combat
 13306 | D:11     | Found a labyrinth entrance.
 13312 | Lab      | Entered a labyrinth
 13724 | Lab      | Noticed a minotaur
 13744 | Lab      | Killed a minotaur
 14302 | D:11     | Gained mutation: You are completely covered in molten scales (AC +4, EV -1, rF+). [demonic ancestry]
 14302 | D:11     | Reached XP level 12. HP: 96/96 MP: 13/13
 14333 | D:11     | Found Axokhlobo's Antique Armour Boutique.
 14896 | D:11     | Identified a +2 rod of inaccuracy (12/12) (You took it off a minotaur in a labyrinth)
 15235 | Lair:1   | Entered Level 1 of the Lair of Beasts
 15764 | Lair:1   | Learned a level 2 spell: Repel Missiles
 15802 | Lair:1   | Learned a level 1 spell: Animate Skeleton
 15804 | Lair:1   | Learned a level 1 spell: Summon Butterflies
 15807 | Lair:1   | Learned a level 2 spell: Blink
 16003 | Lair:2   | Reached skill level 1 in Spellcasting
 16570 | Lair:2   | Reached skill level 10 in Fighting
 16923 | Lair:2   | Noticed Nergalle
 16948 | Lair:2   | Killed Nergalle
 16948 | Lair:2   | Reached skill level 12 in Unarmed Combat
 17652 | Lair:3   | Noticed a four-headed hydra
 17660 | Lair:3   | Killed a four-headed hydra
 17729 | Lair:3   | Noticed a four-headed hydra
 17740 | Lair:3   | Killed a four-headed hydra
 17945 | Lair:3   | Gained mutation: You frequently emit foul miasma when damaged in melee. [demonic ancestry]
 17945 | Lair:3   | Reached XP level 13. HP: 104/104 MP: 21/21
 18704 | Lair:4   | Found a staircase to the Snake Pit.
 18720 | Lair:4   | Found a staircase to the Shoals.
 18763 | Lair:4   | Reached skill level 5 in Spellcasting
 19238 | Lair:5   | Learned a level 2 spell: Swiftness
 20204 | Lair:6   | Noticed Rupert
 20223 | Lair:6   | Killed Rupert
 20319 | Lair:6   | Reached skill level 13 in Unarmed Combat
 20343 | Lair:6   | Found a staircase to the Slime Pits.
 21015 | Lair:6   | Gained mutation: You have a pair of horns on your head. [demonic ancestry]
 21015 | Lair:6   | Reached XP level 14. HP: 72/113 MP: 27/27
 22439 | Lair:8   | Entered Level 8 of the Lair of Beasts
 22485 | Lair:8   | Reached skill level 10 in Armour
 22564 | Lair:8   | Reached skill level 10 in Dodging
 23940 | D:12     | Noticed Frances
 23957 | D:12     | Killed Frances
 24167 | D:12     | Noticed Azrael
 24199 | D:12     | Killed Azrael
 24413 | D:12     | Found a staircase to the Orcish Mines.
 24416 | D:12     | Reached skill level 14 in Unarmed Combat
 24543 | D:12     | Noticed Psyche
 24552 | D:12     | Killed Psyche
 24691 | D:12     | Noticed Kirke
 24730 | D:11     | Killed Kirke
 25019 | D:12     | Gained mutation: You are completely covered in sharp spines. [demonic ancestry]
 25019 | D:12     | Reached XP level 15. HP: 95/120 MP: 30/30
 25149 | Orc:1    | Entered Level 1 of the Orcish Mines
 25292 | Orc:1    | Found a roughly hewn altar of Beogh.
 25614 | Orc:2    | Found Gueher's Armour Shop.
 25790 | Orc:2    | Found a roughly hewn altar of Beogh.
 25928 | Orc:2    | Found an iron altar of Okawaru.
 26339 | Orc:3    | Found a staircase to the Elven Halls.
 26925 | Orc:4    | Entered Level 4 of the Orcish Mines
 26969 | Orc:4    | Found a frozen archway.
 26988 | IceCv    | Entered an ice cave
 27709 | IceCv    | Identified a cursed +8 rod of the swarm (10/10) (You found it in an ice cave)
 28085 | Orc:4    | Noticed Sonja
 28099 | Orc:4    | Killed Sonja
 28387 | Orc:4    | Paralysed by an orc sorcerer for 2 turns
 28674 | Orc:4    | Found Ycvoriqim's Book Boutique.
 28721 | Orc:4    | Found an ancient bone altar of Kikubaaqudgha.
 28781 | Orc:4    | Found Biec's Antique Armour Shop.
 28811 | Orc:4    | Bought a pair of runed boots for 144 gold pieces
 28811 | Orc:4    | Bought a pair of glowing gloves for 144 gold pieces
 28811 | Orc:4    | Bought a glowing cloak for 144 gold pieces
 28811 | Orc:4    | Bought a bloodstained chain mail for 304 gold pieces
 28877 | Orc:4    | Identified the +6 chain mail of the Eight of Swords {rElec rC+} (You bought it in a shop on level 4 of the Orcish Mines)
 28889 | Orc:4    | Found a radiant altar of Vehumet.
 28898 | Orc:4    | Paralysed by an orc sorcerer for 6 turns
 29035 | Orc:4    | Found a roughly hewn altar of Beogh.
 29127 | Orc:4    | Paralysed by an orc sorcerer for 3 turns
 29226 | Orc:4    | Found Ixixa's Book Boutique.
 29238 | Orc:4    | Found Etyteoff's Magic Scroll Boutique.
 29271 | Orc:4    | Bought a scroll of blinking for 90 gold pieces
 29389 | Orc:4    | Upgraded the game from 0.18-a0-9-gd4dcb6f to 0.18-a0-19-g8b99b3a
 29686 | D:13     | Found an opulent altar of Gozag.
 29839 | D:13     | Noticed Urug
 29849 | D:13     | Killed Urug
 29955 | D:13     | Reached skill level 15 in Unarmed Combat
 30643 | D:14     | Gained mutation: You passively map a small area around you. [mutagenic meat]
 30644 | D:14     | Gained mutation: You are clumsy. (Dex -2) [mutagenic meat]
 30645 | D:14     | Gained mutation: You tend to lose your temper in combat. [mutagenic meat]
 30650 | D:14     | Lost mutation: You passively map a small area around you. [potion of cure mutation]
 30650 | D:14     | Lost mutation: You tend to lose your temper in combat. [potion of cure mutation]
 30650 | D:14     | Lost mutation: You are clumsy. (Dex -2) [potion of cure mutation]
 30650 | D:14     | Lost mutation: Your spells are a little harder to cast, but a little more powerful. [potion of cure mutation]
 30718 | D:14     | Found a gate to the Vaults.
 31023 | D:14     | Found Emmaiteq's Antique Weapon Boutique.
 31040 | D:14     | Bought a steaming blowgun for 240 gold pieces
 31040 | D:14     | Identified the +6 blowgun of Oenomania {evade, rPois Int+3 Dex+2} (You bought it in a shop on level 14 of the Dungeon)
 31255 | D:14     | Gained mutation: You passively map a small area around you. [mutagenic meat]
 31308 | D:14     | Found Qulewo's Antique Weapon Emporium.
 31356 | D:14     | Reached XP level 16. HP: 129/129 MP: 31/31
 31457 | D:14     | Found a white marble altar of Elyvilon.
 31814 | D:14     | Found Orickeof's Book Shoppe.
 31925 | D:15     | Entered Level 15 of the Dungeon
 32006 | D:15     | Gained mutation: You have a pair of large horns on your head. [mutagenic meat]
 32007 | D:15     | Gained mutation: Armour fits poorly on your strangely shaped body. [mutagenic meat]
 32009 | D:15     | Gained mutation: You are frail (-10% HP). [mutagenic meat]
 32013 | D:15     | Lost mutation: You are frail (-10% HP). [potion of cure mutation]
 32013 | D:15     | Lost mutation: You have a pair of large horns on your head. [potion of cure mutation]
 32013 | D:15     | Lost mutation: You have an increased reservoir of magic (+10% MP). [potion of cure mutation]
 32013 | D:15     | Lost mutation: You passively map a small area around you. [potion of cure mutation]
 32050 | D:15     | Found a staircase to the Depths.
 33170 | Snake:1  | Entered Level 1 of the Snake Pit
 34178 | Snake:1  | Reached skill level 16 in Unarmed Combat
 34525 | Snake:2  | Noticed Aizul
 34616 | Snake:2  | Killed Aizul
 35771 | Snake:2  | Noticed Norris
 35781 | Snake:2  | Paralysed by Norris for 6 turns
 35854 | Snake:2  | Paralysed by something for 3 turns
 35864 | Snake:2  | Killed Norris
 35993 | Snake:2  | Noticed Donald
 35998 | Snake:2  | Reached XP level 17. HP: 137/137 MP: 29/29
 36013 | Snake:2  | Killed Donald
 36603 | Snake:3  | Reached skill level 1 in Charms
 37229 | Snake:3  | Noticed Nikola
 37257 | Snake:3  | Killed Nikola
 37530 | Snake:4  | Entered Level 4 of the Snake Pit
 38443 | Snake:4  | Reached skill level 17 in Unarmed Combat
 39590 | Snake:4  | Got a serpentine rune of Zot
 39629 | Snake:4  | Got a bloodstained ring mail
 39641 | Snake:4  | Reached skill level 5 in Charms
 39650 | Snake:4  | Identified the +1 ring mail "Neam" {rElec rF+ rC-} (You found it on level 4 of the Snake Pit)
 39787 | Shoals:1 | Entered Level 1 of the Shoals
 39894 | Shoals:1 | Reached XP level 18. HP: 139/147 MP: 30/30
 39982 | Shoals:1 | Noticed Louise
 40012 | Shoals:1 | Killed Louise
 40984 | Shoals:2 | Identified a +3 rod of shadows (9/9) (You found it on level 1 of the Shoals)
 41367 | Shoals:2 | Reached skill level 15 in Fighting
 41944 | Shoals:3 | Noticed edsrzf's ghost (adept TrBe)
 42011 | Shoals:3 | Killed edsrzf's ghost
 42721 | Shoals:3 | Got a jewelled scale mail
 42723 | Shoals:3 | Identified the cursed +1 scale mail of Beogh's Approval {*Contam rC- Int+4 Stlth+} (You found it on level 3 of the Shoals)
 42821 | Shoals:4 | Entered Level 4 of the Shoals
 43038 | Shoals:4 | Noticed Ilsuiw
 43252 | Shoals:4 | Killed Ilsuiw
 43356 | Shoals:4 | Found Xohiybrim's Magic Scroll Boutique.
 43369 | Shoals:4 | Bought a scroll of blinking for 112 gold pieces
 43369 | Shoals:4 | Bought a scroll of magic mapping for 52 gold pieces
 43697 | Shoals:4 | Found Zorhiuru's Distillery.
 43710 | Shoals:4 | Bought 2 potions of haste for 240 gold pieces
 43710 | Shoals:4 | Bought a potion of might for 48 gold pieces
 43710 | Shoals:4 | Bought a potion of might for 48 gold pieces
 44041 | Shoals:4 | Got a barnacled rune of Zot
 44288 | Shoals:4 | Noticed Polyphemus
 44701 | Shoals:4 | Reached skill level 18 in Unarmed Combat
 44732 | Shoals:4 | Gained mutation: Your flesh is cold resistant. [demonic ancestry]
 44732 | Shoals:4 | Reached XP level 19. HP: 111/157 MP: 31/31
 44743 | Shoals:4 | Killed Polyphemus
 45573 | Vaults:1 | Entered Level 1 of the Vaults
 45603 | Vaults:1 | Upgraded the game from 0.18-a0-19-g8b99b3a to 0.18-a0-23-g19353e1
 45710 | Vaults:1 | Gained mutation: You possess an exceptional clarity of mind. [mutagenic meat]
 45711 | Vaults:1 | Lost mutation: Armour fits poorly on your strangely shaped body. [mutagenic meat]
 46277 | Vaults:1 | Cast into the Abyss (an ogre mage)
 46277 | Abyss:1  | Found a corrupted altar of Lugonu.
 46668 | Abyss:1  | Paralysed by you for 6 turns
 46678 | Abyss:1  | Noticed a profane servitor
 46719 | Abyss:1  | Found a corrupted altar of Lugonu.
 47230 | Abyss:1  | Reached skill level 15 in Armour
 47315 | Abyss:1  | Found a corrupted altar of Lugonu.
 47403 | Abyss:1  | Paralysed by you for 4 turns
 47693 | Abyss:1  | Noticed a bone dragon
 48367 | Abyss:1  | Noticed a profane servitor
 48387 | Abyss:1  | Killed a profane servitor
 48481 | Abyss:1  | Noticed a lich
 48491 | Abyss:1  | Killed a lich
 48496 | Abyss:1  | Reached XP level 20. HP: 130/167 MP: 32/32
 49069 | Abyss:1  | Upgraded the game from 0.18-a0-23-g19353e1 to 0.18-a0-25-g5abf10f
 49154 | Abyss:1  | Reached skill level 19 in Unarmed Combat
 49207 | Vaults:1 | Escaped the Abyss
 51121 | Vaults:1 | HP: 7/169 [revenant/ghostly fireball (14)]
 52142 | Vaults:2 | Found a staircase to the Crypt.
 52176 | Vaults:2 | Found Zerum's Book Shoppe.
 52805 | Vaults:3 | Noticed Jorgrun
 52818 | Vaults:3 | Killed Jorgrun
 53202 | Vaults:3 | Noticed Mennas
 53239 | Vaults:3 | Killed Mennas
 53239 | Vaults:3 | Reached XP level 21. HP: 55/177 MP: 33/33
 54059 | Vaults:4 | Paralysed by a sphinx for 7 turns
 54131 | Vaults:4 | Found Jiptye's Assorted Antiques.
 54284 | Vaults:4 | Reached skill level 20 in Unarmed Combat
 55478 | Vaults:4 | Found Gozag's Antique Weapon Boutique.
 55514 | Vaults:4 | Found Gozag's Assorted Antiques.
 55518 | Vaults:4 | Found an opulent altar of Gozag.
 55531 | Vaults:4 | Found Gozag's Antique Weapon Boutique.
 56132 | Depths:1 | Entered Level 1 of the Depths
 56317 | Depths:1 | Found a portal to a secret trove of treasure.
 56458 | Depths:1 | Found a one-way gate leading to the halls of Pandemonium.
 56948 | Depths:1 | Noticed a juggernaut
 56981 | Depths:1 | Killed a juggernaut
 57146 | Depths:1 | Reached XP level 22. HP: 165/187 MP: 34/34
 57455 | Depths:1 | Got a smoking marble ring
 57457 | Depths:1 | Got a shimmering bone amulet
 57459 | Depths:1 | Identified the amulet "Veesk" {Gourm rN+ Int-3 Slay+5} (You found it on level 1 of the Depths)
 57460 | Depths:1 | Identified the ring "Lyisajea" {Wiz rElec} (You found it on level 1 of the Depths)
 57624 | Depths:1 | Got a scintillating golden amulet
 57627 | Depths:1 | Identified the amulet of Temperance {Ward rPois rF- rN+ Slay+3} (You took it off a deep elf demonologist on level 1 of the Depths)
 57657 | Depths:1 | Found a deep blue altar of Sif Muna.
 57832 | Depths:1 | Got a smoking plate armour
 57833 | Depths:1 | Identified the cursed +1 plate armour "Nesohirph" {rPois rN+ Int-4} (You took it off an orc high priest on level 1 of the Depths)
 57939 | Depths:1 | Found a gateway to Hell.
 58455 | Depths:2 | Noticed Saint Roka
 58529 | Depths:2 | Killed Saint Roka
 60040 | Depths:2 | Reached skill level 21 in Unarmed Combat
 60053 | Depths:2 | Found a one-way gate to the infinite horrors of the Abyss.
 60611 | Depths:2 | Paralysed by a lich for 3 turns
 62035 | Depths:3 | Noticed a juggernaut
 62042 | Depths:3 | Killed a juggernaut
 62072 | Depths:3 | Noticed a juggernaut
 62083 | Depths:3 | Killed a juggernaut
 62083 | Depths:3 | Gained mutation: You have a pair of large horns on your head. [demonic ancestry]
 62083 | Depths:3 | Reached XP level 23. HP: 109/196 MP: 35/35
 62277 | Depths:3 | Paralysed by a sphinx for 7 turns
 62948 | Depths:3 | Got a distressingly furry shield
 62949 | Depths:3 | Identified the +0 shield of the Barracuda {+Inv rF+++ Int+4 Dex-3} (You acquired it on level 3 of the Depths)
 63418 | Depths:3 | Got a fine ivory ring
 63422 | Depths:3 | Identified the ring of Xom's Pride {+Blink +Fly rC+} (You found it on level 3 of the Depths)
 64289 | Depths:4 | Found a gateway to a ziggurat.
 64888 | Depths:4 | Found a glowing golden altar of the Shining One.
 65355 | Depths:5 | Entered Level 5 of the Depths
 65362 | Depths:5 | Reached skill level 5 in Shields
 67730 | Depths:5 | Paralysed by a great orb of eyes for 6 turns
 68579 | Depths:1 | You paid a toll of a +4 storm dragon armour to enter a treasure trove
 68580 | Trove    | Entered a treasure trove
 68825 | Trove    | Got a vibrating pewter ring
 68840 | Trove    | Identified the ring "Vyankacu" {rN+ AC+2 Int+2 Slay+2} (You found it in a treasure trove)
 68857 | Trove    | Got a clouded amethyst amulet
 68863 | Trove    | Identified the amulet of Laemacec {Spirit rElec rF+} (You found it in a treasure trove)
 69177 | Depths:5 | Mutation became permanent: You are completely covered in molten scales (AC +4, EV -1, rF+). [demonic ancestry]
 69177 | Depths:5 | Reached XP level 24. HP: 193/206 MP: 35/35
 69255 | Depths:5 | Found a gate to the Realm of Zot.
 69937 | Elf:1    | Entered Level 1 of the Elven Halls
 70156 | Elf:1    | Got a pair of encrusted boots
 70167 | Elf:1    | Identified the +3 pair of boots of the Solstice {SInv} (You found it on level 1 of the Elven Halls)
 70235 | Elf:1    | Identified Qud Figh's Reference Book on Attacks and the Volcanoes (You found it on level 1 of the Elven Halls)
 70512 | Elf:1    | Reached skill level 22 in Unarmed Combat
 70553 | Elf:1    | Noticed Agnes
 70558 | Elf:1    | Killed Agnes
 70620 | Elf:1    | Learned a level 1 spell: Apportation
 71196 | Elf:2    | Found a runed gate.
 71196 | Elf:2    | Found a runed gate.
 71197 | Elf:2    | Found a runed gate.
 72229 | Elf:3    | Entered Level 3 of the Elven Halls
 72415 | Elf:3    | Found Ludephuc's Armour Shoppe.
 72475 | Elf:3    | Bought a +0 cloak of poison resistance for 144 gold pieces
 72525 | Elf:3    | Learned a level 2 spell: Shroud of Golubria
 72713 | Elf:3    | Reached skill level 10 in Shields
 74123 | Elf:3    | Got a pair of ancient boots
 74124 | Elf:3    | Identified the +1 pair of boots "Wute Vonu" {+Inv Str-3 Dex+2 Slay+2} (You found it on level 3 of the Elven Halls)
 74170 | Elf:3    | Identified Sif Muna's Compendium of Execration and Translocation
 74307 | Elf:3    | Identified the Grimoire of Black Rituals
 74413 | Elf:3    | Got a clouded wooden ring
 74417 | Elf:3    | Identified the ring "Quodut" {rF+ Str+7} (You took it off a deep elf demonologist on level 3 of the Elven Halls)
 74423 | Elf:3    | Got a ruby-encrusted plate armour
 74424 | Elf:3    | Identified the +1 plate armour of Cidur {*Contam rN+++ MP+9} (You took it off a deep elf priest on level 3 of the Elven Halls)
 74440 | Elf:3    | Got a transparent shield
 74441 | Elf:3    | Identified the cursed +0 shield of Vlad {+Blink} (You took it off a deep elf death mage on level 3 of the Elven Halls)
 74981 | Vaults:4 | Upgraded the game from 0.18-a0-25-g5abf10f to 0.18-a0-30-g52c0daa
 74984 | Vaults:5 | Entered Level 5 of the Vaults
 75048 | Vaults:4 | Gained mutation: You are immune to freezing clouds. [demonic ancestry]
 75048 | Vaults:4 | Reached XP level 25. HP: 158/215 MP: 35/35
 75452 | Vaults:5 | Gained mutation: Your magical capacity is low (-10% MP). [mutagenic glow]
 75483 | Vaults:5 | Gained mutation: You are frail (-10% HP). [mutagenic glow]
 75573 | Vaults:5 | Gained mutation: You occasionally shout uncontrollably at your foes. [mutagenic glow]
 75615 | Vaults:5 | HP: 4/193 [frost giant/bolt of cold (9)]
 75615 | Vaults:5 | HP: 1/193 [salamander stormcaller/spear (3)]
 75615 | Vaults:5 | Slain by a salamander stormcaller

Vault maps used:
D:1:      mrwooster_arrival_statue_2, tso_metal_star
D:2:      grunt_temple_overflow_open
D:3:      minmay_goblin_kobold_castle
D:4:      forest_paths
D:5:      first_bread, uniq_blork_the_orc, uniq_edmund
D:6:      serial_shops, nicolae_shop_statue_plus
D:7:      led_sif_pool, temple_fountains, nicolae_ossuary_entry_catacombs,
          grunt_ogre_cave, moated_statue
D:8:      uniq_erolcha, uniq_joseph, uniq_pikel
D:9:      gammafunk_temple_overflow_pools, marbit_many_paths,
          minmay_lair_entry_grove, serial_shops, nicolae_shop_waterfront
D:10:     uniq_grum
D:11:     lemuel_ice_statue, serial_shops, shop, serial_curves, eino_curves_04,
          eino_curves_03, lab_entry_generic
D:12:     zombieorc1_lemuel, uniq_psyche, uniq_kirke, uniq_frances, uniq_azrael
D:13:     grunt_gozag_statues, uniq_urug
D:14:     lightli_vaults_fourway_checkpoint, serial_shops, shop,
          nicolae_shop_trees, shop, elyvilon_altar_5, minmay_brain_eaters
D:15:     grunt_enter_depths_snipers
Temple:   circular_temple_pool_8
Lair:2:   minmay_lair_oklob_tunnel, lemuel_fruit_fields, serial_bayou_shore_a,
          uniq_nergalle
Lair:3:   st_stairs_9, grunt_forest_large_clearings, grunt_megastairs_2,
          lemuel_fruit_tree
Lair:4:   elwin_shoals_entry_rocks, guppyfry_snake_entry_island
Lair:5:   patterned_corridor
Lair:6:   minmay_slime_entry_oklob_enclosed, infiniplex_staircase_pool_2,
          uniq_rupert
Lair:7:   minmay_stone_trees_small
Lair:8:   minmay_lair_end_frog_pond
Shoals:1: uniq_louise
Shoals:4: serial_shops, nicolae_shop_temple_entry_statues_fountains,
          nicolae_shop_stone, shoals_end_simple, shoal_ilsuiw, uniq_polyphemus
Snake:2:  uniq_norris, uniq_aizul, uniq_donald
Snake:3:  uniq_nikola
Snake:4:  minmay_snake_end_coiled
Orc:1:    basic_altar
Orc:2:    serial_shops, shop, basic_altar, okawaru_metal_pillars_1_2
Orc:3:    nicolae_orc_pool_cavern
Orc:4:    kennysheep_orc_mage_school, portal_ice_cave_entry_imps, uniq_sonja
Elf:1:    minmay_elf_arrival_summoners, minmay_elf_annihilation, uniq_agnes
Elf:3:    grunt_elf_hall_branching, serial_shops, shop
Vaults:1: vaults_standard_mumra_enter_the_diamond, v_misc_9, v_misc_29,
          serial_ice_g, v_alt_pattern_5, vaults_dpeg_ring,
          nicolae_vaults_asterisk, ontoclasm_vaults_twist,
          vaults_room_stairs_pillars, v_alt_pattern_6, vaults_room_door_hall,
          grunt_vaults_bifocal, v_misc_19, vaults_room_pool
Vaults:2: hangedman_vaults_stretched_pinwheel, minmay_crypt_entry_simple_sparse,
          v_pattern_4, v_misc_29, v_misc_27, vaults_standard_mumra_x, v_rooms_5,
          nicolae_vaults_border_crossing, v_misc_25, serial_shops, shop
Vaults:3: hangedman_vaults_snaps, v_misc_14, vaults_dpeg_diagonal, serial_ice_b,
          v_rooms_2, ontoclasm_vaults_decontamination, v_misc_16, uniq_mennas,
          uniq_jorgrun
Vaults:4: nicolae_vaults_hallways_thing, v_misc_23, hangedman_vaults_stitches,
          vaults_mumra_hexcomb, nicolae_vaults_windows_and_doors_thing,
          vaults_room_pool, kennysheep_vaults_gozag_temple, v_misc_24,
          nicolae_vaults_what_the_h, vaults_standard_mumra_enter_the_diamond,
          v_pattern_1, hangedman_vaults_impose, serial_shops,
          nicolae_shop_overgrown_old_shop
Vaults:5: serial_shops
Depths:1: evilmike_marble_ring, kennysheep_pointless_box,
          grunt_pan_entry_in_and_out, enter_trove_1, hangedman_geh_valley,
          hangedman_summoners_spam
Depths:2: minmay_spriggan_fort, pf_hell_entry_tar_river, abyss_entry,
          uniq_saint_roka
Depths:3: little_maze_vault, minmay_misc_feat_x, grunt_pan_entry_spiral,
          hell_entry, firewood_loft, infiniplex_staircase_zigzag_5
Depths:4: abrahamwl_protected_by_tso_2, enter_ziggurat_a, abyss_entry,
          hell_entry
Depths:5: grunt_zot_entry_hairpin, serial_bayou, serial_bayou_pond_e,
          serial_bayou_pond_b, serial_bayou_pond_e, serial_bayou_ford_a,
          serial_bayou_crossing, pf_coc_iceberg, eino_tiny_chamber
Abyss:1:  hangedman_eye_storm, hangedman_cross_veins
Lab:      labyrinth_spiral, labyrinth_skeletal_remains, nicolae_lab_diamond
Trove:    trove_nasty
Ossuary:  ossuary_crypta
IceCv:    ice_cave_caverns_03

Action                   |  1- 3 |  4- 6 |  7- 9 | 10-12 | 13-15 | 16-18 | 19-21 | 22-24 | 25-27 || total
-------------------------+-------+-------+-------+-------+-------+-------+-------+-------+-------++-------
Melee: Unarmed           |   205 |   300 |   452 |   771 |  1756 |  1903 |  2081 |  1828 |    86 ||  9382
 Fire: Blowgun           |       |       |       |       |     2 |     4 |       |       |       ||     6
Throw: Javelin           |       |     5 |    16 |    20 |    15 |       |       |       |       ||    56
       Throwing net      |       |       |       |     1 |       |       |     4 |       |       ||     5
 Cast: Repel Missiles    |       |       |       |       |     9 |    21 |     7 |    18 |     1 ||    56
       Animate Skeleton  |       |       |       |       |       |       |       |     2 |     4 ||     6
       Shroud of Golubri |       |       |       |       |       |       |       |     2 |     2 ||     4
 Abil: Evoke Flight      |       |       |       |     2 |     1 |       |       |       |       ||     3
Evoke: Wand              |       |       |       |     1 |    12 |    15 |     4 |     6 |     6 ||    44
       Stone of tremors  |       |       |       |     1 |     1 |     1 |     1 |       |     1 ||     5
       Rod               |       |       |       |     7 |    27 |     8 |       |     3 |       ||    45
       Fan of gales      |       |       |       |       |     2 |     2 |     1 |       |       ||     5
       Box of beasts     |       |       |       |       |     2 |       |     1 |       |       ||     3
       Deck              |       |       |       |       |       |     4 |     3 |       |       ||     7
  Use: Potion            |     2 |     7 |     8 |     9 |     3 |    18 |     7 |     6 |     8 ||    68
       Scroll            |     2 |     7 |     8 |     6 |    22 |    17 |    12 |    27 |     7 ||   108
 Stab: Sleeping          |     4 |       |     5 |     1 |       |       |       |       |       ||    10
       Invisible         |       |       |     4 |     4 |       |       |       |       |       ||     8
       Distracted        |       |       |     1 |       |     4 |       |       |       |       ||     5
       Held in net/web   |       |       |       |     1 |       |       |       |       |       ||     1
       Petrified         |       |       |       |       |       |     3 |       |       |       ||     3
  Eat: Chunk             |     2 |     3 |    14 |    30 |    60 |    51 |    44 |    71 |     1 ||   276
       Pizza             |       |     1 |       |       |       |       |     1 |     1 |       ||     3
       Bread ration      |       |     1 |       |       |     1 |       |       |       |       ||     2
       Royal jelly       |       |       |     1 |       |       |     2 |       |       |       ||     3
       Fruit             |       |       |       |     6 |       |    15 |    17 |       |       ||    38
       Beef jerky        |       |       |       |     1 |       |       |       |       |       ||     1
       Meat ration       |       |       |       |       |       |     1 |       |       |       ||     1
